 Dungeon Crawl Stone Soup version 0.29-a0-923-g6e406bff71 (webtiles) character file.

Game seed: 13272329327801394864

120 2tc the Changer (level 5, -4/55 HPs)
             Began as a Merfolk Transmuter on July 28, 2022.
             Slain by a hobgoblin
             ... wielding a +0 scythe
              (9 damage)
             ... on level 4 of the Dungeon.
             The game lasted 00:07:33 (2237 turns).

2tc the Changer (Merfolk Transmuter)                Turns: 2237, Time: 00:07:34

Health: -4/55      AC: 22    Str: 16    XL:     5   Next: 4%
Magic:  8/8        EV:  2    Int: 12    God:
Gold:   174        SH:  0    Dex: 17    Spells: 5/8 levels left

rFire   . . .      SeeInvis .   f - +1 short sword (speed)
rCold   . . .      Faith    .   (no shield)
rNeg    . . .      Spirit   .   (body armour currently unavailable)
rPois   +          Reflect  .   (helmet currently unavailable)
rElec   .          Harm     .   (cloak currently unavailable)
rCorr   .          Rampage  .   (gloves currently unavailable)
Will    .....      NoTele   +   (boots currently unavailable)
Stlth   ++........              c - amulet of regeneration
HPRegen 0.98/turn               i - +6 ring of strength
MPRegen 0.11/turn               l - +4 ring of evasion

@: tree-form
A: stationary, stasis, torment immunity, boosted hp, (nimble swimmer 2),
(mertail)
a: no special abilities


You were on level 4 of the Dungeon.
You were a tree.
You visited 1 branch of the dungeon, and saw 4 of its levels.

You collected 174 gold pieces.

Inventory:

Hand Weapons
 d - a +2 whip of venom
 e - a +0 dagger
 f - a +1 short sword of speed (weapon)
 m - a +0 spear
 n - a +2 dagger of chaos
Missiles
 k - 2 throwing nets
Armour
 a - a +1 robe (melded)
 g - a +0 helmet of see invisible (melded)
 h - a +0 cloak (melded)
Jewellery
 c - an amulet of regeneration (around neck)
 i - a +6 ring of strength (left branch)
 l - a +4 ring of evasion (right branch)
Potions
 b - 3 potions of lignification
 j - 2 potions of attraction


   Skills:
 - Level 1.1 Fighting
 * Level 2.5 Polearms
 - Level 2.6 Dodging
 - Level 3.2 Unarmed Combat
 - Level 2.0 Spellcasting
 - Level 6.0 Transmutations


You had 5 spell levels left.
You knew the following spells:

 Your Spells              Type           Power      Damage    Failure   Level
a - Beastly Appendage     Tmut           30%        N/A       2%          1
b - Wereblood             Tmut           15%        N/A       3%          2

Your spell library contained the following spells:

 Spells                   Type           Power      Damage    Failure   Level
 Passwall                 Tmut/Erth      6%         N/A       12%         2
 Spider Form              Tmut/Pois      8%         N/A       24%         3
 Sandblast                Erth           2%         2d4       26%         1
 Ice Form                 Ice/Tmut       8%         N/A       61%         4
 Stone Arrow              Conj/Erth      2%         3d7       63%         3


Dungeon Overview and Level Annotations

Branches:
Dungeon (4/15)
 Temple: D:4-7

Altars:
Makhleb
Xom

Shops:
D:2 [

Annotations:
D:3 Pargi
D:4 Sigmund


Innate Abilities, Weirdness & Mutations

You are a tree.
Your roots penetrate the ground, keeping you stationary.
You cannot be teleported.
You are immune to unholy pain and torment.
Your maximum health is greatly increased.
Your equipment is partially melded.
((You are very nimble when in or above water. (Stealth+, EV+, Speed+++)))
((Your lower body shifts to a powerful aquatic tail in water.))


Message History

You feel perceptive.
You turn into a tree.
Your +0 cloak melds into your body.
Your +0 helmet of see invisible melds into your body.
Your +1 robe melds into your body.
You feel less perceptive.
Your roots penetrate the ground.
Sigmund hits you but does no damage. The orc hits you but does no damage.
The hobgoblin barely misses you.
You barely miss Sigmund.
Sigmund is heavily wounded.
The orc hits you but does no damage.
The hobgoblin hits you but does no damage.
You hit Sigmund.
Sigmund is heavily wounded.
Sigmund hits you but does no damage. The hobgoblin barely misses you.
The orc hits you from afar with a +0 scythe!
* * * LOW HITPOINT WARNING * * *
You hit Sigmund but do no damage.
Sigmund is heavily wounded.
You hit Sigmund.
Sigmund is severely wounded.
The hobgoblin hits you from afar with a +0 scythe.
* * * LOW HITPOINT WARNING * * *
Sigmund points at you and mumbles some strange words.
The magic dart hits you but does no damage.
The orc hits you but does no damage.
You barely miss Sigmund.
Sigmund is severely wounded.
The hobgoblin hits you but does no damage.
Sigmund hits you but does no damage. The orc barely misses you.
You closely miss Sigmund.
Sigmund is severely wounded.
You hit Sigmund but do no damage.
Sigmund is severely wounded.
The hobgoblin hits you but does no damage.
The orc hits you from afar with a +0 scythe.
* * * LOW HITPOINT WARNING * * *
Sigmund hits you with a +0 scythe.
* * * LOW HITPOINT WARNING * * *
You closely miss Sigmund.
Sigmund is severely wounded.
The hobgoblin hits you from afar with a +0 scythe!
You die...

#...................#
#..........###...#
##..............#.###
.......[....###.#...#
.................##.##
##........##.)#.....#
#..........#†..##...#
......................#
#..........♣...........#
#.......##@##..........#
........#og.#..........#
###.....#...#.........##
##....#####...##...##
####.. ###.# ..## .. .#
..


You could see Sigmund, an orc and a hobgoblin.

Vanquished Creatures
  A crimson imp (D:3)
  4 gnolls (D:3)
  An adder (D:3)
  A dart slug (D:1)
  2 orcs
  6 ball pythons
  A bat (D:1)
  2 endoplasms (D:1)
  4 giant cockroaches
  2 goblins (D:2)
  3 hobgoblins
  A quokka (D:2)
  A frilled lizard (D:2)
  3 kobolds
  2 rats
34 creatures vanquished.

Notes
Turn   | Place    | Note
-------+----------+-------------------------------------------
     0 | D:1      | 2tc the Merfolk Transmuter began the quest for the Orb.
     0 | D:1      | Reached XP level 1. HP: 15/15 MP: 3/3
   116 | D:1      | Reached skill level 3 in Transmutations
   306 | D:1      | Reached XP level 2. HP: 21/21 MP: 3/5
   438 | D:1      | Learned a level 2 spell: Wereblood
   729 | D:2      | Reached skill level 4 in Transmutations
   924 | D:2      | Found Xixeuh's Armour Shoppe.
  1158 | D:2      | Found a faded altar of an unknown god.
  1172 | D:2      | Reached XP level 3. HP: 26/26 MP: 6/6
  1745 | D:3      | Reached skill level 5 in Transmutations
  1800 | D:3      | Reached XP level 4. HP: 12/32 MP: 7/7
  1839 | D:3      | Reached skill level 6 in Transmutations
  1962 | D:3      | Found a shimmering altar of Xom.
  1962 | D:3      | Found a burning altar of Makhleb.
  1975 | D:3      | Reached XP level 5. HP: 6/37 MP: 8/8
  2032 | D:3      | Noticed Pargi
  2219 | D:4      | Noticed Sigmund
  2237 | D:4      | Slain by a hobgoblin

Illustrated notes

Levels and vault maps discovered:
D:1:      dpeg_arrival_radiant, layout_loops_ring
D:2:      kennysheep_big_flooded_room, layout_loops_cross,
          ebering_ecumenical_altar_rust, serial_shops, nicolae_diamond_shop,
          roderic_serpentine_path
D:3:      layout_basic, grunt_temple_overflow_champion_of_chaos,
          hangedman_decor_lopped, uniq_pargi
D:4:      layout_rooms, sigmund_army

Skill      XL: |  1  2  3  4 |
---------------+-------------+-----
Transmutations | 3 4 5 6 |  6.0
Polearms       | 2 |  2.5
Fighting       | |  1.1
Dodging        | |  2.6
Unarmed Combat | |  3.2
Spellcasting   | |  2.0

Action                   |  1- 3 |  4- 6 || total
-------------------------+-------+-------++-------
Melee: Unarmed           |     9 |       ||     9
       Short sword       |   111 |    48 ||   159
       Punch             |     2 |     1 ||     3
       Headbutt          |     1 |     3 ||     4
 Cast: Beastly Appendage |     3 |     1 ||     4
  Use: Scroll            |     7 |       ||     7
       Potion            |       |     3 ||     3
 Stab: Sleeping          |     6 |       ||     6
Armor: Robe              |    10 |     2 ||    12
       Skin              |       |    10 ||    10
Dodge: Dodged            |    77 |    31 ||   108

Table legend: (Time is in decaauts)
 A = Elapsed time spent in this place.
 B = Non-inter-level travel time spent in this place.
 C = Inter-level travel time spent in this place.
 D = Time resting spent in this place.
 E = Time spent auto-exploring this place.
 F = Levels seen in this place.
 G = Mean time per level.
                   A        B        C        D        E       F      G
               +--------+--------+--------+--------+--------+-----+--------+
         Total |   2191 |   2111 |     80 |     78 |   1669 |   4 |  547.8 |
       Dungeon |   2191 |   2111 |     80 |     78 |   1669 |   4 |  547.8 |
               +--------+--------+--------+--------+--------+-----+--------+

Top non-repeatable levels by time:
     D:2: 762 daAuts
     D:1: 687 daAuts
     D:3: 658 daAuts
     D:4: 82 daAuts
